 Dungeon Sprint DCSS version 0.19.4 (webtiles) character file.

32 TryAgain the Thaumaturge (level 6, -4/32 HPs)
             Began as a Deep Elf Air Elementalist on Feb 4, 2017.
             Was a Priest of Vehumet.
             Slain by a killer bee (9 damage)
             ... in the Dungeon (Sprint VI: "Thunderdome").
             The game lasted 00:08:07 (403 turns).

TryAgain the Thaumaturge (Deep Elf Air Elementalist) Turns: 403, Time: 00:08:08

Health: -4/32      AC:  2    Str:  6    XL:     6   Next: 71%
Magic:  0/20       EV: 20    Int: 24    God:    Vehumet [***...]
Gold:   70         SH:  0    Dex: 24    Spells: 1 memorised, 23 levels left

rFire  + . .     SeeInvis +     (no weapon)
rCold  x . .     Gourm    .     a - +0 robe
rNeg   . . .     Faith    .     (no shield)
rPois  .         Spirit   +     (no helmet)
rElec  +         Reflect  .     (no cloak)
rCorr  .         Harm     .     (no gloves)
MR     +++++     NoTele   +     (no boots)
Stlth  +++.......               q - amulet of Sloth {Spirit rElec rF- MR+++ Int+4}
                                p - ring "Hehem" {rF+ Str+5 Int-2 Dex+2}
                                o - ring "Ladil" {Fire MR+++ Str-4 Dex+7 SInv}

@: very slightly contaminated
A: talons 1
a: Renounce Religion


You were in the Dungeon.
You worshipped Vehumet.
Vehumet was most pleased with you.
You were not hungry.

You visited 1 branch You collected 250 gold pieces.
You spent 180 gold pieces at shops.

Inventory:

Armour
 a - a +0 robe (worn)
Jewellery
 n - the amulet of Due Proportion {Inacc +Blink rElec SInv}
   (You bought it in a shop in the Dungeon)

   [amulet of inaccuracy]

   It reduces the accuracy of all your attacks.
   It insulates you from electricity.
   It lets you see invisible.
   It lets you blink.
 o - the ring "Ladil" (left hand) {Fire MR+++ Str-4 Dex+7 SInv}
   (You bought it in a shop in the Dungeon)

   [ring of fire]

   It enhances your fire magic.
   It affects your strength (-4).
   It affects your dexterity (+7).
   It protects you from fire.
   It makes you vulnerable to cold.
   It affects your resistance to hostile enchantments.
   It lets you see invisible.
 p - the ring "Hehem" (right hand) {rF+ Str+5 Int-2 Dex+2}
   (You bought it in a shop in the Dungeon)

   [ring of dexterity]

   It affects your strength (+5).
   It affects your intelligence (-2).
   It affects your dexterity (+2).
   It protects you from fire.
 q - the amulet of Sloth (around neck) {Spirit rElec rF- MR+++ Int+4}
   (You bought it in a shop in the Dungeon)

   [amulet of guardian spirit]

   It causes incoming damage to be split between your health and magic.
   It affects your intelligence (+4).
   It makes you vulnerable to fire.
   It insulates you from electricity.
   It affects your resistance to hostile enchantments.
Wands
 j - a wand of acid (1/15)
 k - a wand of iceblast (5/15)
 r - a wand of digging (6/24)
Scrolls
 i - 2 scrolls of blinking
 l - 3 scrolls of fog
Potions
 f - 3 potions of haste
 g - a potion of magic
 h - a potion of berserk rage
 m - a potion of resistance
Books
 b - a book of Air

   Spells                             Type                      Level
   a - Shock                          Conjuration/Air              1
   b - Swiftness                      Charms/Air                   2
   c - Repel Missiles                 Charms/Air                   2
   d - Static Discharge               Conjuration/Air              3
   e - Lightning Bolt                 Conjuration/Air              5
Comestibles
 c - a bread ration


   Skills:
 + Level 8.6 Dodging
 - Level 3.2 Stealth
 + Level 9.9 Spellcasting
 + Level 7.3 Conjurations
 + Level 8.5 Air Magic


You had 23 spell levels left.
You knew the following spells:

 Your Spells              Type           Power        Failure   Level  Hunger
a - Shock                 Conj/Air       ####         1%          1    None


Dungeon Overview and Level Annotations

Branches:
Dungeon (1/1)

Altars:
Cheibriados
Dithmenos
Fedhas
Gozag
Kikubaaqudgha
Makhleb
Okawaru
Qazlal
Ru
Sif Muna
Trog
Uskayaw
Vehumet
Xom
Yredelemnul
Zin
The Shining One
Beogh
Jiyva
Lugonu

Shops:
D *[%??*?*:[((!!!!


Innate Abilities, Weirdness & Mutations

You have sharp toenails.


Message History

Casting: Shock
Confirm with . or Enter, or press ? or * to list all spells.
Aiming: Shock
Press: ? - help, Shift-Dir - straight line The zap hits the killer bee.
The killer bee is lightly wounded.
The zap misses the killer bee.
The killer bee stings you.
* * * LOW HITPOINT WARNING * * *
The killer bee closely misses you.
Okay, then.
Blink to where?
Press: ? - help, Dir - move target cursor
As you read the scroll of blinking, it crumbles to dust.
Blink to where?
Press: ? - help, Dir - move target cursor
As you read the scroll of blinking, it crumbles to dust.
A killer bee comes into view.
The killer bee buzzes angrily.
The killer bee stings you!
You die...

##.....## ##∩.....∩## #∩.......∩#
#_......._# #_......._#
#........_# ###.........###
#⌠.....y.....⌠#
######.8....@....8.######
##∩___......###........_∩##
###∩....§...8.# #.8........∩###
##..y..........###.............##
#⌠..........###...#.#..........⌠#
#⌠..........# #.<.#.#..........⌠#
#⌠..........###...#.#..........⌠#
##.............###.............##
###∩........8.# #.8........∩###


You could see a killer bee.

Vanquished Creatures
  Grinder (D)
  3 killer bees (D)
  A quasit (D)
  2 iron imps (D)
  2 shadow imps (D)
  A white imp (D)
  2 ufetubi (D)
12 creatures vanquished.

Notes
Turn   | Place    | Note
-------+----------+-------------------------------------------
     0 | D        | TryAgain the Deep Elf Air Elementalist began the quest for the Orb.
     0 | D        | Reached XP level 1. HP: 10/10 MP: 6/6
     1 | D        | Found a blossoming altar of Fedhas.
     1 | D        | Found a hide-covered altar of Uskayaw.
     2 | D        | Found a shimmering altar of Xom.
     3 | D        | Found a snail-covered altar of Cheibriados.
     3 | D        | Found an iron altar of Okawaru.
     4 | D        | Found Beahe's Identification Station.
     4 | D        | Found a burning altar of Makhleb.
     4 | D        | Found a radiant altar of Vehumet.
     4 | D        | Found Uvvugaet's Bee Food.
     5 | D        | Found Oveups's Advanced Armour.
     5 | D        | Found Goas's Jewellery.
     5 | D        | Round 1.
    20 | D        | Became a worshipper of Vehumet
    24 | D        | Bought a wavering ruby amulet for 45 gold pieces
    24 | D        | Identified the amulet of Due Proportion {Inacc +Blink rElec SInv} (You bought it in a shop in the Dungeon)
    25 | D        | Bought a fine turquoise ring for 45 gold pieces
    25 | D        | Bought a wavering silver ring for 45 gold pieces
    25 | D        | Identified the ring "Ladil" {Fire MR+++ Str-4 Dex+7 SInv} (You bought it in a shop in the Dungeon)
    26 | D        | Identified the ring "Hehem" {rF+ Str+5 Int-2 Dex+2} (You bought it in a shop in the Dungeon)
    27 | D        | Bought a scorched brass amulet for 45 gold pieces
    28 | D        | Identified the amulet of Sloth {Spirit rElec rF- MR+++ Int+4} (You bought it in a shop in the Dungeon)
    77 | D        | Reached XP level 2. HP: 9/15 MP: 3/8
    91 | D        | Reached skill level 4 in Spellcasting
    91 | D        | Reached skill level 5 in Air Magic
   102 | D        | Arena points: 4 (+4) [x1]
   103 | D        | Found a bloodstained altar of Trog.
   117 | D        | Round 2.
   124 | D        | Found a glowing silver altar of Zin.
   125 | D        | Found Bauw's Magic Scroll Shop.
   126 | D        | Found Pomu's Magic Scroll Shop.
   126 | D        | Found Hastrukiw's Must-Have Magic.
   127 | D        | Found a deep blue altar of Sif Muna.
   127 | D        | Found a shadowy altar of Dithmenos.
   127 | D        | Found a sacrificial altar of Ru.
   127 | D        | Found Neclyppuy's Staff Store.
   138 | D        | Reached * piety under Vehumet
   138 | D        | Offered knowledge of Sting by Vehumet.
   138 | D        | Reached XP level 3. HP: 19/19 MP: 0/11
   140 | D        | Found a roughly hewn altar of Beogh.
   141 | D        | Found Miss's Distillery.
   142 | D        | Found Qepteli's Distillery.
   142 | D        | Found Fakilama's Bottled Wisdom.
   144 | D        | Found a viscous altar of Jiyva.
   144 | D        | Found a glowing golden altar of the Shining One.
   144 | D        | Found a corrupted altar of Lugonu.
   144 | D        | Found Iwiumm's Do-It-Yourself Clinic.
   144 | D        | Noticed Grinder
   149 | D        | Killed Grinder
   149 | D        | Reached skill level 8 in Spellcasting
   149 | D        | Reached skill level 5 in Conjurations
   149 | D        | Reached XP level 4. HP: 24/24 MP: 2/16
   149 | D        | Reached XP level 5. HP: 28/28 MP: 2/17
   150 | D        | Reached ** piety under Vehumet
   164 | D        | Found an opulent altar of Gozag.
   165 | D        | Found an ancient bone altar of Kikubaaqudgha.
   195 | D        | Reached XP level 6. HP: 17/32 MP: 1/19
   199 | D        | Found a stormy altar of Qazlal.
   200 | D        | Found Seon's Weapon Rack.
   201 | D        | Found a basalt altar of Yredelemnul.
   201 | D        | Found Epteful's Premium Goods.
   201 | D        | Found Gokkuat's Basic Armour.
   201 | D        | Found Gagean's Miscellaneous Merchandise.
   233 | D        | Arena points: 32 (+28) [x2]
   233 | D        | Reached skill level 9 in Spellcasting
   249 | D        | Round 3.
   319 | D        | Offered knowledge of Magic Dart by Vehumet.
   319 | D        | Reached *** piety under Vehumet
   356 | D        | Gained mutation: You have sharp toenails. [potion of mutation]
   356 | D        | Gained mutation: You possess an exceptional clarity of mind. [potion of mutation]
   356 | D        | Lost mutation: You possess an exceptional clarity of mind. [potion of mutation]
   403 | D        | Slain by a killer bee

Skill      XL: |  1  2  3  4  5  6 |
---------------+-------------------+-----
Stealth        | 3 |  3.2
Air Magic      | 4 5 7 8 |  8.5
Dodging        | 3 7 8 |  8.6
Spellcasting   | 4 8 9 |  9.9
Conjurations   | 5 6 7 |  7.3

Action                   |  1- 3 |  4- 6 || total
-------------------------+-------+-------++-------
Melee: Unarmed           |     1 |    20 ||    21
 Cast: Shock             |    16 |    30 ||    46
Evoke: Wand              |     3 |     3 ||     6
  Use: Potion            |     4 |     4 ||     8
       Scroll            |       |     2 ||     2
Armor: Robe              |     1 |     3 ||     4
Dodge: Dodged            |     6 |    65 ||    71
